 Dungeon Crawl Stone Soup version 0.29.1-2-gbd0b4ee654 (webtiles) character file.

Game seed: 8125104947018133298

371 qeuew the Ducker (level 6, -4/48 HPs)
             Began as a Merfolk Gladiator on Nov 9, 2022.
             Killed from afar by an orc wizard (6 damage)
             ... with a magic dart
             ... on level 4 of the Dungeon.
             The game lasted 00:06:27 (3864 turns).

qeuew the Ducker (Merfolk Gladiator)                Turns: 3864, Time: 00:06:28

Health: -4/48      AC:  7    Str: 16    XL:     6   Next: 70%
Magic:  6/6        EV: 14    Int:  7    God:
Gold:   105        SH:  0    Dex: 16    Spells: 5/5 levels left

rFire   . . .      SeeInvis .   a - +1 trident
rCold   . . .      Faith    .   (no shield)
rNeg    . . .      Spirit   .   b - +0 leather armour
rPois   .          Reflect  .   c - +1 helmet
rElec   .          Harm     .   (no cloak)
rCorr   .          Rampage  .   i - +0 pair of gloves
Will    .....                   n - +0 pair of boots
Stlth   +.........              (no amulet)
HPRegen 0.16/turn               (no ring)
MPRegen 0.10/turn               (no ring)

@: no status effects
A: (nimble swimmer 2), mertail
a: no special abilities


You were on level 4 of the Dungeon.
You visited 1 branch of the dungeon, and saw 4 of its levels.

You collected 129 gold pieces.
You spent 24 gold pieces at shops.

Inventory:

Hand Weapons
 a - a +1 trident (weapon)
Missiles
 d - 3 throwing nets (quivered)
 e - 3 javelins
 k - 6 silver javelins
Armour
 b - a +0 leather armour (worn)
 c - a +1 helmet (worn)
 i - a +0 pair of gloves (worn)
 n - a +0 pair of boots (worn)
Jewellery
 h - a ring of flight
Wands
 m - a wand of charming (4)
Scrolls
 l - a scroll of brand weapon {unknown}
 p - a scroll of enchant weapon
 v - a scroll of teleportation
Potions
 f - a potion of mutation
 g - 2 potions of berserk rage
 j - a potion of might
 o - 2 potions of brilliance


   Skills:
 + Level 3.8 Fighting
 + Level 5.5 Polearms
 + Level 3.5 Throwing
 + Level 1.9 Armour
 + Level 5.6 Dodging


You had 5 spell levels left.
You didn't know any spells.
Your spell library was empty.

Dungeon Overview and Level Annotations

Branches:
Dungeon (4/15)
 Temple: D:4-7

Altars:

Shops:
D:2 !


Innate Abilities, Weirdness & Mutations

((You are very nimble when in or above water. (Stealth+, EV+, Speed+++)))
Your lower body shifts to a powerful aquatic tail in water.


Message History

You hit the orc.
The orc is severely wounded.
The orc completely misses you. Something hits you but does no damage.
You puncture the orc!
You kill the orc!
An orc wizard appears from thin air!
Reactivating autopickup.
The orc wizard hits you with a +0 dagger.
You hit the orc wizard but do no damage.
The orc wizard is moderately wounded.
The orc wizard hits you but does no damage.
You closely miss the orc wizard.
The orc wizard is moderately wounded.
The orc wizard gestures wildly while chanting.
The orc wizard flickers and vanishes!
Deactivating autopickup; reactivate with Ctrl-A.
You miss something.
You hear some strange, mumbled words.
A puff of flame appears from out of thin air!
The puff of flame hits you but does no damage.
You hit something. Something hits you.
You barely miss something. Something hits you but does no damage.
You barely miss something. You punch something. Something hits you.
You barely miss something. Something hits you but does no damage.
You barely miss something. Something hits you but does no damage.
You puncture something! Something hits you but does no damage.
You miss something.
You hear some strange, mumbled words.
A puff of flame appears from out of thin air!
The puff of flame hits you!
* * * LOW HITPOINT WARNING * * *
You closely miss something. Something hits you.
* * * LOW HITPOINT WARNING * * *
You barely miss something. Something hits you but does no damage.
You hit something but do no damage. Something hits you.
* * * LOW HITPOINT WARNING * * *
You hear some strange, mumbled words.
A magic dart appears from out of thin air!
The magic dart hits you.
You die...

#.................#
#..................
#.....(............
#..................
#........##.######.
#........#.......#.
#..(...).#.......##
#........#.........
#.@...)..#.........
#{)......#.........
#).......#.......##
#).......#.......##
#........#.......##
#........#......>.#
#........#........#
#........#........#
#<.......#.......##


There were no monsters in sight!

Vanquished Creatures
  A scorpion (D:4)
  2 jellies (D:4)
  An orc priest (D:4)
  Ijyb (D:4)
  5 adders
  An ufetubus (D:4)
  2 worms
  2 dart slugs (D:3)
  17 orcs
  8 ball pythons
  6 bats
  5 endoplasms
  A giant cockroach (D:1)
  6 goblins
  4 hobgoblins
  11 jackals
  5 kobolds
  2 quokkas
  A frilled lizard (D:1)
  8 rats
89 creatures vanquished.

Notes
Turn   | Place    | Note
-------+----------+-------------------------------------------
     0 | D:1      | qeuew the Merfolk Gladiator began the quest for the Orb.
     0 | D:1      | Reached XP level 1. HP: 16/16 MP: 1/1
   384 | D:1      | Reached XP level 2. HP: 19/23 MP: 2/2
   788 | D:2      | Found a faded altar of an unknown god.
   807 | D:2      | Reached XP level 3. HP: 28/28 MP: 3/3
  1102 | D:2      | Reached XP level 4. HP: 33/34 MP: 4/4
  1223 | D:2      | Found Woqeheq's Distillery.
  1233 | D:2      | Bought 2 potions of degeneration for 24 gold pieces
  1393 | D:2      | Reached skill level 1 in Armour
  1993 | D:3      | Reached XP level 5. HP: 11/41 MP: 5/5
  2317 | D:3      | Reached skill level 5 in Dodging
  2731 | D:4      | Noticed Ijyb
  2763 | D:4      | Killed Ijyb
  2764 | D:4      | Reached skill level 5 in Polearms
  3046 | D:4      | Reached XP level 6. HP: 9/47 MP: 6/6
  3864 | D:4      | HP: 2/48 [something (2)]
  3864 | D:4      | Killed from afar by an orc wizard

Illustrated notes

Levels and vault maps discovered:
D:1:      minmay_arrival_open_corners, layout_rooms, grunt_decor_fettered,
          st_stairs_4, minivault_4
D:2:      layout_rooms, basic_ecumenical_altar, serial_shops,
          nicolae_lakefront_shop, kennysheep_small_spiral
D:3:      layout_rooms, kennysheep_generic_room_10
D:4:      layout_gridville, uniq_ijyb

Skill      XL: |  1  2  3  4  5 |
---------------+----------------+-----
Armour         | 1 |  1.9
Fighting       | 3 |  3.8
Dodging        | 5 |  5.6
Polearms       | 5 |  5.5
Throwing       | 3 |  3.5

Action                   |  1- 3 |  4- 6 || total
-------------------------+-------+-------++-------
Melee: Trident           |   119 |   224 ||   343
       Punch             |       |     4 ||     4
Throw: Javelin           |       |     3 ||     3
       Throwing net      |       |     3 ||     3
  Use: Scroll            |     3 |    11 ||    14
       Potion            |     1 |     4 ||     5
 Stab: Sleeping          |       |     3 ||     3
Armor: Leather armour    |    38 |    79 ||   117
Dodge: Dodged            |   116 |   155 ||   271
